 Dungeon Crawl Stone Soup version 0.30-b1-2-g02819fbbbe (webtiles) character file.

Game seed: 13891782237475114175

2447 MajorAdolf the Frost Mage (level 9, -8/78 HPs)
             Began as a Naga Wanderer on Jan 1, 2024.
             Was an Initiate of Gozag.
             Mangled by an orc warrior
             ... wielding a +0 trident
              (10 damage)
             ... on level 7 of the Dungeon.
             The game lasted 00:14:45 (6916 turns).

MajorAdolf the Frost Mage (Naga Wanderer)           Turns: 6916, Time: 00:14:46

Health: -8/78      AC:  9    Str: 13    XL:     9   Next: 49%
Magic:  10/10      EV: 14    Int: 17    God:    Gozag
Gold:   753        SH:  0    Dex: 12    Spells: 2/10 levels left

rFire   . . .        t - +4 hand axe (elec)
rCold   . . .        (no shield)
rNeg    + . .        d - +2 robe {rN+}
rPois   +            B - +1 helmet
rElec   .            b - +0 cloak
rCorr   .            (no gloves)
SInv    +            (no barding)
Will    ++...        (no amulet)
Stlth   +++          m - +5 ring of evasion
HPRegen 0.33/turn    n - ring of willpower
MPRegen 0.12/turn

%: no passive effects
@: about to teleport, gold aura, very slow
A: AC +3, large, see invisible, deformed body, poison resistance, slowness 2,
spit poison 1, naga tail 1
a: Spit Poison, Renounce Religion, Potion Petition, Call Merchant, Bribe Branch


You were on level 7 of the Dungeon.
You worshipped Gozag.
Gozag was pleased with you.
You visited 2 branches of the dungeon, and saw 8 of its levels.
You also visited: Ossuary.

You collected 787 gold pieces.
You paid 34 gold pieces to Gozag.

Inventory:

Hand Weapons
 t - a +4 hand axe of electrocution (weapon)
 F - a +1 whip of freezing
Missiles
 v - a throwing net
Armour
 b - a +0 cloak (worn)
 d - a +2 robe of positive energy (worn)
 B - a +1 helmet (worn)
 E - a +2 robe of positive energy
Jewellery
 m - a +5 ring of evasion (left hand)
 n - a ring of willpower (right hand)
 p - the amulet "Mymitil" {Spirit Harm rPois SInv}
   (You found it in an ossuary)

   [amulet of guardian spirit]

   It causes incoming damage to be divided between your reserves of health and
   magic.
   rPois:     It protects you from poison.
   SInv:      It lets you see invisible.
   Harm:      It increases damage dealt and taken.
 s - a ring of willpower
 y - a ring of ice
Wands
 a - a wand of iceblast (9)
Scrolls
 e - 4 scrolls of identify
 g - 2 scrolls of poison
 j - 5 scrolls of teleportation
 l - 3 scrolls of blinking
 r - 2 scrolls of immolation
 z - a scroll of amnesia {unknown}
 C - 2 scrolls of vulnerability {unknown}
 D - a scroll of silence {unknown}
Potions
 c - a potion of haste
 f - 3 potions of flight
 h - 5 potions of curing {unknown}
 i - a potion of degeneration {unknown}
 k - 6 potions of attraction {unknown}
 o - a potion of ambrosia {unknown}
 q - a potion of might {unknown}
 u - a potion of brilliance {unknown}
 w - a potion of mutation {unknown}
 x - 2 potions of resistance {unknown}
 A - a potion of heal wounds {unknown}


   Skills:
 - Level 4.0 Fighting
 - Level 4.7(5.0) Axes
 - Level 2.0(3.6) Polearms
 - Level 1.0 Armour
 - Level 5.0 Stealth
 - Level 1.0 Spellcasting
 + Level 4.6 Conjurations
 + Level 4.0 Hexes
 - Level 3.0 Translocations
 - Level 8.0 Ice Magic
 - Level 1.0 Evocations


You had 2 spell levels left.
You knew the following spells:

 Your Spells              Type           Power      Damage    Failure   Level
a - Apportation           Tloc           22%        N/A       6%          1
b - Ozocubu's Armour      Ice            28%        N/A       2%          3
c - Fulminant Prism       Conj/Hex       7%         3d6       34%         4

Your spell library contained the following spells:

 Spells                   Type           Power      Damage    Failure   Level
 Magic Dart               Conj           64%        1d6       3%          1
 Searing Ray              Conj           32%        2d5       4%          2
 Momentum Strike          Conj/Tloc      26%        3d8       7%          2
 Blink                    Tloc           22%        N/A       10%         2
 Lesser Beckoning         Tloc           22%        N/A       10%         2
 Cigotuvi's Dreadful Rot  Necr/Pois/Air  0%         N/A       32%         2
 Scorch                   Fire           0%         2d5       32%         2
 Hailstorm                Conj/Ice       22%        3d7       4%          3
 Gell's Gravitas          Tloc           11%        N/A       19%         3
 Teleport Other           Tloc           11%        N/A       19%         3
 Vhi's Electric Charge    Tloc/Air       10%        N/A       34%         3
 Ice Form                 Ice/Tmut       14%        N/A       38%         4
 Ignite Poison            Fire/Tmut/Pois 0%         N/A       54%         3
 Flame Wave               Conj/Fire      8%         2d5       63%         4
 Freezing Cloud           Conj/Ice/Air   7%         6-21      71%         5
 Alistair's Intoxication  Tmut/Pois      0%         N/A       99%         5
 Borgnjor's Vile Clutch   Necr/Erth      0%         N/A       99%         5
 Dispersal                Tloc           5%         N/A       100%        6
 Eringya's Noxious Bog    Tmut/Pois      0%         N/A       100%        6
 Summon Cactus Giant      Summ           0%         N/A       100%        6
 Ozocubu's Refrigeration  Ice            14%        4d10      100%        7
 Simulacrum               Ice/Necr       Unusable   N/A       N/A         6

Dungeon Overview and Level Annotations

Branches:
Dungeon (7/15)             Temple (1/1) D:4         Ossuary (visited)

Altars:
Ashenzari
Cheibriados
Elyvilon
Fedhas
Gozag
Hepliaklqana
Kikubaaqudgha
Makhleb
Nemelex Xobeh
Okawaru
Ru
Sif Muna
Trog
Uskayaw
Wu Jian
Xom
Yredelemnul
Zin


Innate Abilities, Weirdness & Mutations

Your serpentine skin is tough. (AC +3)
You have supernaturally acute eyesight. (SInv)
Armour fits poorly on your strangely shaped body.
Your system is resistant to poisons. (rPois)
You cover ground very slowly.
You can spit poison.
You have a snake-like lower body.


Message History

The steam dragon claws you.
You closely miss the steam dragon.
The steam dragon is severely wounded.
You are engulfed in a cloud of scalding steam.
The orc warrior closely misses you. The steam dragon barely misses you.
The steam dragon claws you.
Unknown command.
You closely miss the steam dragon.
The steam dragon is severely wounded.
You are engulfed in a cloud of scalding steam.
The orc warrior misses you. The steam dragon closely misses you.
The steam dragon claws you but does no damage.
You completely miss the steam dragon.
The steam dragon is severely wounded.
You are engulfed in a cloud of scalding steam.
The orc warrior closely misses you. The steam dragon breathes steam at you.
The ball of steam hits you!
* * * LOW HITPOINT WARNING * * *
Okay, then.
You slash the steam dragon!
You kill the steam dragon!
Your Hexes skill increases to level 4!
Unknown command.
Aiming: Iceblast
Press: ? - help, Shift-Dir - straight line, f - orc warrior
Aim: an orc warrior, wielding a +0 trident and wearing a +0 plate armour The mass of ice explodes!
The iceblast engulfs the orc warrior.
The orc warrior is lightly wounded.
The orc warrior hits you from afar with a +0 trident.
* * * LOW HITPOINT WARNING * * *
Okay, then.
As you read the scroll of teleportation, it crumbles to dust.
You feel strangely unstable.
The orc priest invokes the aid of Beogh against you.
Beogh smites you!
* * * LOW HITPOINT WARNING * * *
The orc warrior hits you from afar with a +0 trident!
You die...
Your body crumbles into a pile of gold.

..
#.......##.#.>.
#
##.##.##.##.#...
#.....##.##.....
#..#####.##.#...
#..#####.##.....
##.
#........##.#...
#...#
#.#########.#..#
......######.#
#.#..#
......[oo$@..#
#######))...
.....#########
#........... #..
#.######.### #
#.# #.# # #.#
#.### #.# #....
#.# ###.# #.#
###.# #.# #....


You could see an orc warrior and an orc priest.

Vanquished Creatures
  Pikel (D:7)
  A steam dragon (D:7)
  A water moccasin (D:7)
  A sky beast (D:7)
  A black bear (D:6)
  2 ogres
  A centaur (D:5)
  2 phantoms (D:6)
  A bullfrog (D:4)
  3 scorpions
  3 centaur zombies (Ossuary)
  4 jellies
  An orc priest (D:7)
  Crazy Yiuf (D:7)
  A gnoll bouda (D:4)
  2 sleepcaps (D:6)
  An iguana (D:6)
  4 orc wizards
  Natasha (thrice) (D:4)
  2 mummies (Ossuary)
  3 gnolls
  11 adders
  A shadow imp (D:6)
  A white imp (D:6)
  2 adder zombies (Ossuary)
  3 worms
  3 dart slugs
  20 orcs
  9 endoplasms
  4 giant cockroaches
  11 goblins
  7 hobgoblins
  10 jackals
  5 kobolds
  3 quokkas (D:1)
  5 ball pythons
  3 bats
  2 frilled lizards
  A goblin zombie (Ossuary)
  11 hobgoblin zombies (Ossuary)
  A jackal zombie (Ossuary)
  12 kobold zombies (Ossuary)
  6 orc zombies (Ossuary)
  5 rats
  A rat zombie (Ossuary)
176 creatures vanquished.

Vanquished Creatures (others)
  A human (D:6)
  An orc (D:7)
  A plant (D:7)
3 creatures vanquished.

Grand Total: 179 creatures vanquished

Notes
Turn   | Place    | Note
-------+----------+-------------------------------------------
     0 | D:1      | MajorAdolf the Naga Wanderer began the quest for the Orb.
     0 | D:1      | MajorAdolf set off with the following items: a +0 spear, a
                  | +0 cloak, a potion of haste, a +0 leather armour; and the
                  | following spell memorised: Apportation; and the following
                  | spells available to memorise: Blink, Vhi's Electric Charge.
     0 | D:1      | Reached XP level 1. HP: 15/15 MP: 2/2
    87 | D:1      | Reached skill level 1 in Fighting
   212 | D:1      | Reached XP level 2. HP: 16/25 MP: 3/3
   518 | D:1      | Reached XP level 3. HP: 22/33 MP: 4/4
  1288 | D:2      | Reached XP level 4. HP: 40/43 MP: 5/5
  1592 | D:2      | Learned a level 3 spell: Ozocubu's Armour
  2442 | D:3      | Reached skill level 1 in Ice Magic
  2442 | D:3      | Reached XP level 5. HP: 34/50 MP: 6/6
  2712 | D:3      | Found a hazy altar of Hepliaklqana.
  2743 | D:3      | Found a burning altar of Makhleb.
  3068 | D:3      | Reached skill level 2 in Ice Magic
  3408 | D:4      | Noticed Natasha
  3414 | D:4      | Killed Natasha
  3422 | D:4      | Reached skill level 5 in Stealth
  3566 | D:4      | Reached skill level 1 in Axes
  3566 | D:4      | Reached XP level 6. HP: 57/57 MP: 7/7
  3571 | D:4      | Found a shimmering altar of Xom.
  3649 | D:4      | Found a staircase to the Ecumenical Temple.
  3651 | D:4      | Noticed Natasha
  3667 | D:4      | Killed Natasha
  3816 | Temple   | Entered the Ecumenical Temple
  4165 | Temple   | Became a worshipper of Gozag Ym Sagoz the Greedy
  4233 | D:4      | Reached skill level 3 in Ice Magic
  4244 | D:4      | Noticed Natasha
  4248 | D:4      | Killed Natasha
  4483 | D:5      | Entered Level 5 of the Dungeon
  4565 | D:4      | Reached XP level 7. HP: 46/64 MP: 8/8
  4637 | D:5      | Reached skill level 4 in Ice Magic
  4818 | D:5      | Found a sand-covered staircase.
  4831 | Ossuary  | Entered an ossuary
  5127 | Ossuary  | Reached skill level 5 in Ice Magic
  5147 | Ossuary  | Identified the amulet "Mymitil" {Spirit Harm rPois SInv}
  5215 | D:5      | Reached XP level 8. HP: 7/72 MP: 9/9
  5544 | D:5      | You fall into a shaft and drop 1 floor!
  5579 | D:6      | Reached skill level 6 in Ice Magic
  5639 | D:6      | Found a sacrificial altar of Ru.
  5723 | D:6      | Reached skill level 7 in Ice Magic
  5794 | D:6      | Found a blossoming altar of Fedhas.
  5824 | D:6      | Learned a level 4 spell: Fulminant Prism
  5834 | D:6      | Reached skill level 1 in Conjurations
  5834 | D:6      | Reached skill level 1 in Hexes
  6007 | D:6      | Found an ancient bone altar of Kikubaaqudgha.
  6188 | D:7      | Noticed Pikel
  6282 | D:7      | Reached XP level 9. HP: 69/78 MP: 10/10
  6541 | D:7      | Found a runed translucent door.
  6542 | D:7      | Noticed Crazy Yiuf
  6608 | D:7      | Killed Crazy Yiuf
  6686 | D:7      | Killed Pikel
  6687 | D:7      | Reached skill level 8 in Ice Magic
  6916 | D:7      | HP: 2/78 [orc priest/divine providence (13)]
  6916 | D:7      | Mangled by an orc warrior

Illustrated notes

Levels and vault maps discovered:
D:1:      spicycebolla_arrival_ecumenical, layout_loops_corners, minmay_3d_cube
D:2:      layout_loops_ring, hangedman_decor_push
D:3:      layout_loops_ring, general_overflow_altar,
          nicolae_overflow_hidden_temple
D:4:      layout_basic, mainiacjoe_overflow_small_starburst,
          minmay_temple_entry_mini_moons, uniq_natasha
D:5:      layout_basic, nicolae_ossuary_entry_monument
D:6:      layout_rooms, fedhas_altar_1, tgw_kikubaaqudgha,
          mainiacjoe_overflow_tiny_flanked
D:7:      layout_loops_cross, grunt_dithmenos_shadows, serial_bayou_crossing,
          uniq_crazy_yiuf_cottage, uniq_pikel
Temple:   minmay_temple_forest_path

Skill      XL: |  1  2  3  4  5  6  7  8  9 |
---------------+----------------------------+-----
Fighting       | 1 2 3 4 |  4.0
Stealth        | 4 5 |  5.0
Ice Magic      | 1 2 3 5 7 8 |  8.0
Axes           | 1 2 4 |  4.7
Conjurations   | 2 4 |  4.6
Hexes          | 2 4 |  4.0
Polearms       | |  2.0
Armour         | |  1.0
Spellcasting   | |  1.0
Translocations | |  3.0
Evocations     | |  1.0

Action                     |  1- 3 |  4- 6 |  7- 9 || total
---------------------------+-------+-------+-------++-------
  Melee: Spear             |   129 |   188 |       ||   317
         Punch             |       |     3 |     3 ||     6
         Hand axe          |       |    64 |   226 ||   290
   Cast: Ozocubu's Armour  |       |       |     8 ||     8
Ability: Spit Poison       |     6 |    23 |     3 ||    32
  Evoke: Wand              |       |       |     2 ||     2
    Use: Scroll            |       |     8 |     3 ||    11
   Stab: Sleeping          |    14 |     7 |    10 ||    31
         Distracted        |       |       |     2 ||     2
 Armour: Leather armour    |    28 |    45 |       ||    73
         Robe              |       |    22 |    69 ||    91
  Dodge: Dodged            |    30 |   148 |   150 ||   328
